 Dungeon Crawl Stone Soup version 0.22.0-18-ge075c0d (console) character file.

210807 removed the Warrior (level 18, 0/107 HPs)
             Began as a Vine Stalker Summoner on Aug 18, 2018.
             Was the Champion of Elyvilon.
             Killed from afar by a deep elf annihilator (23 damage)
             ... with a bolt of lightning
             ... led by an ironheart preserver
             ... on level 1 of the Vaults.
             The game lasted 01:50:36 (40199 turns).

removed the Warrior (Vine Stalker Summoner)        Turns: 40199, Time: 01:50:40

Health: 0/107      AC: 23    Str: 18    XL:     18   Next: 87%
Magic:  0/29       EV: 12    Int: 15    God:    Elyvilon [******]
Gold:   2714       SH:  0    Dex: 20    Spells: 21/21 levels left

rFire    . . .     SeeInvis +   a - +3 whip (elec)
rCold    + . .     Gourm    .   (no shield)
rNeg     + . .     Faith    .   v - +2 plate armour {rC+}
rPois    +         Spirit   +   (no helmet)
rElec    .         Reflect  .   p - +0 cloak
rCorr    .         Harm     .   t - +0 pair of gloves
MR       +++++     Clarity  +   r - +0 pair of boots "Firugh" {rPois}
Stlth    ..........             H - amulet of the Four Winds {rN+ MR+++ Clar}
HPRegen  1.07/turn              e - +4 ring of dexterity
MPRegen  0.21/turn              K - ring of see invisible

@: no status effects
A: fangs 3, regeneration 2, magic shield, antimagic bite, no potion heal 3, rot
immunity
}: 1/15 runes: gossamer
a: Lesser Healing, Heal Other, Purification, Greater Healing, Divine Vigour,
Divine Protection, Renounce Religion


You were on level 1 of the Vaults.
You worshipped Elyvilon.
Elyvilon was exalted by your worship.
You were not hungry.

You visited 7 branches of the dungeon, and saw 31 of its levels.
You also visited: Ossuary.

You collected 3208 gold pieces.
You spent 494 gold pieces at shops.

Inventory:

Hand Weapons
 a - a +3 whip of electrocution (weapon)
 g - a +0 blowgun
Missiles
 s - 2 throwing nets (quivered)
 Q - 12 curare-tipped needles
Armour
 p - a +0 cloak (worn)
 q - a +3 plate armour of positive energy
 r - the +0 pair of boots "Firugh" (worn) {rPois}
   (You found it on level 6 of the Lair of Beasts)

   It protects you from poison.
 t - a +0 pair of gloves (worn)
 v - a +2 plate armour of cold resistance (worn)
 G - a scarf of cloud immunity
 P - +0 fire dragon scales
 T - a +1 pair of boots
Jewellery
 c - an uncursed ring of ice
 e - a +4 ring of dexterity (left hand)
 f - an uncursed ring of fire
 j - the ring "Cilaef" {Wiz Str+4}
   (You found it on level 4 of the Lair of Beasts)

   [ring of wizardry]

   It improves your spell success rate.
   It affects your strength (+4).
 H - the amulet of the Four Winds (around neck) {rN+ MR+++ Clar}
   (You found it on level 1 of the Elven Halls)

   [amulet of nothing]

   It protects you from negative energy.
   It affects your resistance to hostile enchantments.
   It protects you against confusion.
 K - a ring of see invisible (right hand)
Wands
 d - a wand of digging (19)
 F - a wand of paralysis (25)
 L - a wand of iceblast (9)
 O - a wand of disintegration (5)
Scrolls
 h - 4 scrolls of fear
 l - 6 scrolls of enchant weapon
 m - 10 scrolls of remove curse
 u - 6 scrolls of teleportation
 y - 5 scrolls of amnesia
 A - 2 scrolls of fog
 B - 7 scrolls of magic mapping
 D - 10 scrolls of identify
 S - a scroll of blinking
 W - 3 scrolls of brand weapon
 Y - 4 scrolls of enchant armour
Potions
 i - 3 potions of brilliance
 k - 10 potions of mutation
 n - 3 potions of agility
 o - 20 potions of curing
 x - 4 potions of might
 z - 3 potions of berserk rage
 C - 3 potions of haste
 E - 5 potions of flight
 I - 2 potions of magic
 N - 4 potions of ambrosia
 R - a potion of invisibility
 U - 2 potions of cancellation
 Z - 4 potions of lignification
Comestibles
 V - a chunk of flesh
 X - 53 rations


   Skills:
 + Level 16.5 Fighting
 - Level 12.0 Maces & Flails
 - Level 14.0 Armour
 - Level 10.5 Dodging
 - Level 2.4 Stealth
 - Level 2.1 Spellcasting
   Level 4.0 Summonings
 - Level 14.0 Invocations


You had 21 spell levels left.
You didn't know any spells.
Your spell library contained the following spells:

 Spells                   Type           Power        Failure   Level  Hunger
 Summon Small Mammal      Summ           ##..         54%         1    #......
 Call Imp                 Summ           ##......     69%         2    ###....
 Call Canine Familiar     Summ           ##......     89%         3    ###....
 Animate Skeleton         Necr           N/A          98%         1    #......
 Corona                   Hex            #......      98%         1    #......
 Flame Tongue             Conj/Fire      #....        98%         1    #......
 Freeze                   Ice            #...         98%         1    #......
 Infusion                 Chrm           #...         98%         1    #......
 Pain                     Necr           #...         98%         1    #......
 Ensorcelled Hibernation  Hex/Ice        #.....       99%         2    ###....
 Shroud of Golubria       Chrm/Tloc      #.........   99%         2    ###....
 Song of Slaying          Chrm           #.......     99%         2    ###....
 Throw Flame              Conj/Fire      #.....       99%         2    ###....
 Throw Frost              Conj/Ice       #.....       99%         2    ###....
 Recall                   Summ/Tloc      N/A          99%         3    ###....
 Summon Guardian Golem    Hex/Summ       #.......     99%         3    ###....
 Confuse                  Hex            #.......     100%        3    ###....
 Conjure Flame            Conj/Fire      #.......     100%        3    ###....
 Dazzling Spray           Conj/Hex       #.....       100%        3    ###....
 Inner Flame              Hex/Fire       #.......     100%        3    ###....
 Ozocubu's Armour         Chrm/Ice       #.......     100%        3    ###....
 Regeneration             Chrm/Necr      #.........   100%        3    ###....
 Spectral Weapon          Hex/Chrm       #.......     100%        3    ###....
 Tukima's Dance           Hex            #.......     100%        3    ###....
 Vampiric Draining        Necr           #.........   100%        3    ###....
 Animate Dead             Necr           N/A          100%        4    #####..
 Cause Fear               Hex            #.........   100%        4    #####..
 Sticky Flame             Conj/Fire      #.......     100%        4    #####..
 Summon Ice Beast         Ice/Summ       #.......     100%        4    #####..
 Summon Lightning Spire   Summ/Air       #.......     100%        4    #####..
 Throw Icicle             Conj/Ice       #.......     100%        4    #####..
 Aura of Abjuration       Summ           ##........   100%        5    ######.
 Bolt of Magma            Conj/Fire/Erth #.........   100%        5    ######.
 Fireball                 Conj/Fire      #.........   100%        5    ######.
 Iskenderun's Battlesphe  Conj/Chrm      #.......     100%        5    ######.
 Summon Demon             Summ           ##........   100%        5    ######.
 Summon Forest            Summ/Tloc      #.........   100%        5    ######.
 Summon Mana Viper        Hex/Summ       #.......     100%        5    ######.
 Venom Bolt               Conj/Pois      #.........   100%        5    ######.
 Bolt of Fire             Conj/Fire      #.........   100%        6    #######
 Iron Shot                Conj/Erth      #.........   100%        6    #######
 Shadow Creatures         Summ           N/A          100%        6    #######
 Dragon Form              Tmut           #.........   100%        7    #######
 Orb of Destruction       Conj           #.........   100%        7    #######
 Spellforged Servitor     Conj/Summ      #.........   100%        7    #######
 Dragon's Call            Summ           ##........   100%        9    #######


Dungeon Overview and Level Annotations

Branches:
Dungeon (15/15)            Temple (1/1) D:5            Lair (6/6) D:8
 Shoals (0/4) Lair:4       Spider (4/4) Lair:3        Slime (0/5) Lair:6
    Orc (2/2) D:9             Elf (2/3) Orc:2        Vaults (1/5) D:14
 Depths (0/5) D:15

Altars:
Ashenzari
Cheibriados
Dithmenos
Elyvilon
Fedhas
Gozag
Hepliaklqana
Kikubaaqudgha
Makhleb
Nemelex Xobeh
Okawaru
Qazlal
Ru
Sif Muna
Trog
Uskayaw
Vehumet
Wu Jian
Xom
Yredelemnul
Zin
The Shining One
Jiyva

Shops:
D:14 (   Orc:2 !:(:}   Elf:1 }

Annotations:
D:15 exclusion: Roxanne, Roxanne


Innate Abilities, Weirdness & Mutations

You have razor-sharp teeth.
You heal very quickly.
When hurt, damage is shared between your health and your magic reserves.
Your bite disrupts and absorbs the magic of your enemies.
Potions cannot restore your health.
You are immune to rotting.


Message History

a giant club; a giant spiked club; a flail; a ring mail a two-headed ogre corpse A deep elf annihilator and a deep elf sorcerer come into view.
The deep elf annihilator shouts!
The deep elf sorcerer shouts!
A deep elf mage comes into view. It is wielding a long sword.
The deep elf sorcerer moves out of view.
Things that are here:
a giant spiked club x2
There isn't anything to butcher here.
There is an open door, spattered with blood here.
Items here: )) †† a giant spiked club x2; an ogre corpse x2
You butcher the ogre corpse.
The deep elf mage casts a spell.
The deep elf mage blinks!
The deep elf annihilator points at you and mumbles some strange words.
The bolt of lightning hits you!
* * * LOW HITPOINT WARNING * * *
The bolt of lightning hits you!
You die...

... #......# #.. #......# #.. #
#......# #.. .# #......#
.####..####..# #......#
..........e§.# #......#
.........e...#
#......#########@###
#......).......))).#
#..................#
#...(..............#
#(.()..(...........#
#..(..(............# p
#.(..).............# ...
#...(....)........)########.....
#.(.............................


You could see a deep elf annihilator and a deep elf sorcerer.

Vanquished Creatures
  Rupert (D:13)
  A deep elf blademaster (Elf:2)
  An orc warlord (Orc:1)
  6 emperor scorpions
  2 deep elf elementalists
  A vault warden (Vaults:1)
  4 ghost moths
  4 ironheart preservers (Vaults:1)
  2 entropy weavers (Spider:3)
  Nessos (D:15)
  Snorg (D:11)
  The ghost of letownia2 the Martial Artist, a journeyman DsTm of Cheibriados (Orc:2)
  Josephine (D:9)
  An ice dragon (Vaults:1)
  2 vault guards (D:14)
  5 hydras
  4 centaur warriors
  2 death knights (D:15)
  4 catoblepae
  16 two-headed ogres
  2 ogre magi (Vaults:1)
  10 dancing weapons
  5 death yaks
  2 tengu warriors
  Urug (Lair:1)
  The ghost of bosm the Basher, a novice FoTm of Okawaru (D:8)
  5 orc high priests
  Sonja (Lair:1)
  A fire crab (shapeshifter) (D:15)
  6 deep elf knights
  7 skeletal warriors (D:15)
  A deep troll (Vaults:1)
  3 unseen horrors
  A glowing orange brain (D:15)
  5 deep elf archers
  A lindwurm (Lair:4)
  3 orc knights
  An ironbrand convoker (Vaults:1)
  10 wolf spider zombies
  7 orb spiders
  A phantasmal warrior (D:15)
  2 necromancers
  26 wolf spiders
  31 deep elf magi
  4 cyclopes
  16 ugly things
  6 orc sorcerers
  A manticore (shapeshifter) (D:14)
  2 manticores (Lair:6)
  3 moths of wrath
  A centaur zombie (D:15)
  3 merfolk sirens (Lair:4)
  7 elephants
  3 vault sentinels (Vaults:1)
  A torpor snail (Spider:4)
  2 black mambas
  A gargoyle (D:12)
  8 spiny frogs
  A spiny frog (shapeshifter) (D:15)
  10 redback zombies (Spider:1)
  3 rime drakes
  2 kobold demonologists (D:12)
  An efreet (D:15)
  3 yaktaurs
  13 komodo dragons
  10 demonic crawlers
  3 polar bears
  A meliai (shapeshifter) (D:15)
  A merfolk (Lair:4)
  A queen bee (D:12)
  7 trolls
  3 meliai (D:12)
  A tyrant leech (shapeshifter) (D:15)
  36 jumping spiders
  10 hornets
  13 slime creatures
  Prince Ribbit (D:9)
  4 spectral orcs (Orc:2)
  13 hippogriffs
  A raiju (shapeshifter) (D:15)
  8 blink frogs
  11 tarantella zombies (Spider:1)
  8 dream sheep
  A centaur simulacrum (D:15)
  2 air elementals
  48 redbacks
  27 tarantellas
  A vampire (D:15)
  6 wraiths
  A human simulacrum (Vaults:1)
  40 yaks
  3 water elementals
  3 wyverns
  A hog (shapeshifter) (D:13)
  5 basilisks
  20 humans (D:14)
  A fire elemental (Elf:1)
  2 hungry ghosts
  5 vampire mosquitoes
  4 wargs
  2 acid dragons
  9 water moccasins
  2 soldier ants (D:9)
  11 porcupines
  45 orc warriors
  4 ice beasts
  3 eyes of draining
  3 phantoms
  A black bear (D:6)
  An eye of draining (shapeshifter) (D:14)
  2 sky beasts
  A necrophage (D:9)
  20 ogres
  4 wolves
  16 centaurs
  7 crocodiles
  4 big kobolds
  Blork the orc (D:6)
  22 bullfrogs
  7 water moccasin zombies (Ossuary)
  5 scorpions
  2 wyvern skeletons
  A water moccasin skeleton (D:8)
  7 wights
  3 orc simulacra (Orc:2)
  24 killer bees
  A spectral ogre (Orc:2)
  3 howler monkeys
  3 electric eels
  4 crimson imps
  3 bullfrog zombies (D:12)
  3 hounds
  A lava snake (D:8)
  2 quasits
  2 bullfrog skeletons
  3 centaur skeletons
  3 jellies
  34 orc priests
  Jessica (D:2)
  2 iguanas
  27 orc wizards
  14 worker ants
  A big kobold zombie (Ossuary)
  2 hound skeletons
  2 mummies (Ossuary)
  A howler monkey skeleton (D:6)
  7 gnolls
  16 adders
  2 shadow imps
  2 oozes
  An adder skeleton (D:8)
  7 adder zombies
  2 worms (D:3)
  2 dart slugs (D:3)
  6 leopard geckos
  103 orcs
  2 ball pythons (D:6)
  6 giant cockroaches
  3 gnoll zombies (Ossuary)
  3 goblins
  6 hobgoblins
  13 jackals
  34 kobolds
  3 quokkas
  12 bats
  4 frilled lizards
  3 hobgoblin zombies (Ossuary)
  3 kobold zombies (Ossuary)
  A leopard gecko zombie (D:9)
  2 orc zombies (Ossuary)
  A quokka skeleton (D:5)
  6 rats
1155 creatures vanquished.

Vanquished Creatures (collateral kills)
  2 kobolds (D:2)
2 creatures vanquished.

Vanquished Creatures (others)
  Fannar (Lair:1)
  A deep elf knight (Elf:2)
  2 orb spiders (Spider:4)
  An orc wizard (Orc:1)
  20 fungi
  18 plants
  9 toadstools (Lair:4)
52 creatures vanquished.

Grand Total: 1209 creatures vanquished

Notes
Turn   | Place    | Note
-------+----------+-------------------------------------------
     0 | D:1      | removed the Vine Stalker Summoner began the quest for the Orb.
     0 | D:1      | Reached XP level 1. HP: 9/9 MP: 4/4
   100 | D:1      | Reached skill level 1 in Fighting
   117 | D:1      | Reached XP level 2. HP: 14/14 MP: 6/6
   350 | D:1      | Reached skill level 2 in Fighting
   430 | D:1      | Reached XP level 3. HP: 15/18 MP: 5/7
   530 | D:1      | Reached skill level 1 in Maces & Flails
  1057 | D:2      | Noticed Jessica
  1089 | D:2      | Killed Jessica
  1089 | D:2      | Gained mutation: Your natural rate of healing is unusually fast. [Vine Stalker growth]
  1089 | D:2      | Reached XP level 4. HP: 8/23 MP: 3/8
  1155 | D:2      | Learned a level 2 spell: Call Imp
  2156 | D:3      | Reached XP level 5. HP: 24/26 MP: 9/9
  3180 | D:4      | Reached XP level 6. HP: 28/30 MP: 8/10
  3638 | D:4      | Reached skill level 5 in Maces & Flails
  3768 | D:5      | Entered Level 5 of the Dungeon
  4017 | D:5      | Found a staircase to the Ecumenical Temple.
  4027 | Temple   | Entered the Ecumenical Temple
  4142 | D:5      | Found a white marble altar of Elyvilon.
  4150 | D:5      | Became a worshipper of Elyvilon the Healer
  4183 | D:5      | Noticed a phantom
  4208 | D:5      | Reached XP level 7. HP: 28/35 MP: 8/11
  4279 | D:5      | Found a sand-covered staircase.
  4284 | Ossuary  | Entered an ossuary
  4312 | Ossuary  | Reached skill level 1 in Armour
  4397 | Ossuary  | Gained mutation: You have razor-sharp teeth. [Vine Stalker growth]
  4397 | Ossuary  | Reached XP level 8. HP: 38/39 MP: 12/12
  4419 | Ossuary  | Reached skill level 3 in Fighting
  4634 | D:5      | Reached skill level 4 in Fighting
  4749 | D:5      | Found a hazy altar of Hepliaklqana.
  4780 | D:5      | Reached skill level 5 in Fighting
  4945 | D:5      | Found a basalt altar of Yredelemnul.
  5388 | D:6      | Reached XP level 9. HP: 47/47 MP: 11/13
  5442 | D:6      | Reached * piety under Elyvilon
  5463 | D:6      | Found a sacrificial altar of Ru.
  5520 | D:6      | Noticed Blork the orc
  5534 | D:6      | Killed Blork the orc
  5534 | D:6      | Reached skill level 1 in Invocations
  5813 | D:6      | Found a burning altar of Makhleb.
  5814 | D:6      | Found a radiant altar of Vehumet.
  5858 | D:6      | Found a shadowy altar of Dithmenos.
  5993 | D:6      | Reached ** piety under Elyvilon
  6414 | D:7      | Reached skill level 5 in Invocations
  7047 | D:8      | Found a staircase to the Lair.
  7399 | D:8      | Reached XP level 10. HP: 50/51 MP: 14/14
  7865 | D:8      | Found a runed door.
  7866 | D:8      | Noticed bosm's ghost (novice FoTm)
  7904 | D:8      | Reached skill level 10 in Maces & Flails
  8195 | D:9      | Noticed Prince Ribbit
  8220 | D:9      | Killed Prince Ribbit
  8532 | D:9      | Reached *** piety under Elyvilon
  8538 | D:9      | Reached skill level 5 in Armour
  8624 | D:9      | Noticed a two-headed ogre
  8640 | D:9      | Killed a two-headed ogre
  8640 | D:9      | Reached skill level 6 in Fighting
  8898 | D:9      | Reached skill level 7 in Fighting
  9261 | D:9      | Reached skill level 8 in Fighting
  9261 | D:9      | Reached XP level 11. HP: 44/60 MP: 12/15
  9633 | D:9      | Noticed a two-headed ogre
  9643 | D:9      | Killed a two-headed ogre
  9680 | D:9      | Found a staircase to the Orcish Mines.
  9733 | D:10     | Entered Level 10 of the Dungeon
  9875 | D:10     | Reached **** piety under Elyvilon
 10315 | D:10     | Noticed Josephine
 10383 | D:9      | Killed Josephine
 10948 | D:11     | Noticed a two-headed ogre
 10978 | D:11     | Killed a two-headed ogre
 11023 | D:11     | Noticed Snorg
 11227 | D:11     | Noticed a two-headed ogre
 11238 | D:11     | Killed a two-headed ogre
 11381 | D:11     | Noticed a white ugly thing
 11493 | Lair:1   | Entered Level 1 of the Lair of Beasts
 11570 | Lair:1   | Noticed Fannar
 11615 | Lair:1   | Killed Fannar
 11615 | Lair:1   | Gained mutation: You heal very quickly. [Vine Stalker growth]
 11615 | Lair:1   | Reached XP level 12. HP: 23/64 MP: 2/18
 11839 | Lair:1   | Noticed Urug
 11914 | Lair:1   | Killed Urug
 11914 | Lair:1   | Reached skill level 9 in Fighting
 12087 | Lair:1   | Noticed Sonja
 12096 | Lair:1   | Killed Sonja
 13020 | Lair:2   | Reached skill level 10 in Fighting
 13223 | Lair:2   | Reached ***** piety under Elyvilon
 13823 | Lair:3   | Found a hole to the Spider Nest.
 13881 | Lair:3   | Noticed an eight-headed hydra
 13881 | Lair:3   | Noticed a five-headed hydra
 13902 | Lair:3   | Killed an eight-headed hydra
 13915 | Lair:3   | Killed a five-headed hydra
 14088 | Lair:3   | Reached XP level 13. HP: 63/72 MP: 19/19
 15095 | Lair:4   | Reached skill level 10 in Invocations
 15229 | Lair:4   | Found a staircase to the Shoals.
 15507 | Lair:4   | Found a runed door.
 16363 | Lair:5   | Reached skill level 11 in Fighting
 16623 | Lair:5   | Reached ****** piety under Elyvilon
 16953 | Lair:6   | Entered Level 6 of the Lair of Beasts
 17224 | Lair:6   | Found a staircase to the Slime Pits.
 17225 | Lair:6   | Found a viscous altar of Jiyva.
 17311 | Lair:6   | Reached skill level 12 in Fighting
 17511 | Lair:6   | Reached XP level 14. HP: 32/80 MP: 17/22
 18274 | Lair:6   | Reached skill level 10 in Armour
 18769 | Lair:6   | Got a pair of warped boots
 18784 | Lair:6   | Identified the +0 pair of boots "Firugh" {rPois} (You found it on level 6 of the Lair of Beasts)
 19107 | D:11     | Killed Snorg
 19652 | Orc:1    | Entered Level 1 of the Orcish Mines
 19708 | Orc:1    | Reached skill level 13 in Fighting
 19779 | Orc:1    | Paralysed by an orc sorcerer for 3 turns
 20304 | Orc:2    | Entered Level 2 of the Orcish Mines
 20605 | Orc:2    | Found a staircase to the Elven Halls.
 20649 | Orc:2    | Found Baoxaihe's Gadget Boutique.
 20754 | Orc:2    | Noticed an orc warlord
 20910 | Orc:2    | Found a runed gate.
 20916 | Orc:2    | Found a runed gate.
 20916 | Orc:2    | Found a runed gate.
 20916 | Orc:2    | Noticed letownia2's ghost (journeyman DsTm)
 21108 | Orc:1    | Killed an orc warlord
 21464 | Orc:2    | Reached skill level 14 in Fighting
 21649 | Orc:2    | Found Gefux's Book Shoppe.
 21649 | Orc:2    | Found Anivac's Antique Weapon Shoppe.
 21650 | Orc:2    | Found Qimnaem's Distillery.
 21689 | Orc:2    | Found Jegeh's Book Emporium.
 21740 | Orc:2    | Bought a potion of agility for 44 gold pieces
 21951 | Orc:2    | Bought a polished morningstar for 225 gold pieces
 21951 | Orc:2    | Identified the +6 morningstar of Disintegration {venom, rElec Int+9 SInv} (You bought it in a shop on level 2 of the Orcish Mines)
 22265 | Lair:4   | Got a clouded lapis lazuli ring
 22491 | Lair:4   | Identified the ring "Cilaef" {Wiz Str+4} (You found it on level 4 of the Lair of Beasts)
 22753 | D:12     | Reached XP level 15. HP: 87/88 MP: 23/23
 22879 | D:12     | Found a white marble altar of Elyvilon.
 23776 | D:13     | Noticed Rupert
 24695 | D:13     | Killed Rupert
 24738 | D:14     | Found Ufumutin's Antique Weapon Shoppe.
 25691 | D:14     | Found a gate to the Vaults.
 26104 | D:15     | Entered Level 15 of the Dungeon
 26839 | D:15     | Found an opulent altar of Gozag.
 26910 | D:15     | Reached XP level 16. HP: 50/93 MP: 26/26
 27013 | D:15     | Noticed Roxanne
 27114 | D:15     | Reached skill level 15 in Fighting
 27176 | D:15     | Noticed Nessos
 27184 | D:15     | Killed Nessos
 27561 | D:15     | Found a staircase to the Depths.
 27898 | Orc:2    | Bought an ancient quarterstaff for 225 gold pieces
 27898 | Orc:2    | Identified the +7 quarterstaff of the Apocalypse {crush, rF+} (You bought it in a shop on level 2 of the Orcish Mines)
 27950 | Elf:1    | Entered Level 1 of the Elven Halls
 28314 | Elf:1    | Found Maeseif's Gadget Boutique.
 28925 | Elf:1    | Found the amulet of the Four Winds {rN+ MR+++ Clar}
 28935 | Elf:1    | Got a steaming hand axe
 29961 | Elf:2    | Reached skill level 16 in Fighting
 30054 | Elf:2    | Found a runed gate.
 30054 | Elf:2    | Found a runed gate.
 30054 | Elf:2    | Found a runed gate.
 31129 | Elf:2    | Reached XP level 17. HP: 66/100 MP: 21/27
 31175 | Elf:2    | Noticed a deep elf blademaster
 31218 | Elf:2    | Killed a deep elf blademaster
 31294 | Elf:1    | Identified a scroll of acquirement
 31510 | Spider:1 | Entered Level 1 of the Spider Nest
 31846 | Spider:1 | Got a bloodstained hunting sling
 35461 | Spider:3 | Reached skill level 5 in Dodging
 35859 | Spider:4 | Entered Level 4 of the Spider Nest
 36441 | Spider:4 | Reached XP level 18. HP: 85/105 MP: 24/29
 38290 | Spider:4 | Paralysed by a hornet for 1 turns
 38308 | Spider:4 | Got a gossamer rune of Zot
 38599 | D:8      | Killed bosm's ghost
 38857 | Orc:2    | Killed letownia2's ghost
 39099 | Vaults:1 | Entered Level 1 of the Vaults
 39490 | Vaults:1 | Reached skill level 10 in Dodging
 40199 | Vaults:1 | Killed from afar by a deep elf annihilator

Skill      XL: |  1  2  3  4  5  6  7  8  9 10 11 12 13 14 15 16 17 18 |
---------------+-------------------------------------------------------+-----
Fighting       | 1 2 5 8 10 12 14 16 | 16.5
Maces & Flails | 2 3 4 5 6 7 9 10 12 | 12.0
Armour         | 3 5 6 9 10 12 13 14 | 14.0
Invocations    | 5 7 10 12 14 | 14.0
Dodging        | 6 10 | 10.5
Stealth        | |  2.4
Spellcasting   | |  2.1
Summonings     | |  4.0

Action                   |  1- 3 |  4- 6 |  7- 9 | 10-12 | 13-15 | 16-18 || total
-------------------------+-------+-------+-------+-------+-------+-------++-------
Melee: Whip              |    88 |   178 |   421 |   801 |  2122 |  2605 ||  6215
       Bite              |    13 |    42 |   122 |   247 |   847 |  1082 ||  2353
 Fire: Blowgun           |       |       |       |       |     8 |       ||     8
 Cast: Summon Small Mamm |       |     3 |       |       |       |       ||     3
       Call Imp          |       |     1 |       |       |       |       ||     1
Invok: Lesser Healing    |       |       |       |     2 |       |       ||     2
       Greater Healing   |       |       |       |     5 |     6 |    16 ||    27
       Heal Other        |       |       |       |       |       |     9 ||     9
Evoke: Wand              |       |       |       |    31 |    13 |     6 ||    50
       Sack of spiders   |       |       |       |       |       |     5 ||     5
  Use: Scroll            |       |     8 |     6 |    12 |     9 |    13 ||    48
       Potion            |       |     1 |       |     2 |     2 |     2 ||     7
 Stab: Sleeping          |     7 |       |       |       |       |       ||     7
       Paralysed         |       |       |       |    37 |       |     6 ||    43
       Petrified         |       |       |       |       |     7 |       ||     7
       Distracted        |       |       |       |       |     1 |     2 ||     3
       Invisible         |       |       |       |       |       |     4 ||     4
  Eat: Chunk             |     1 |     9 |     8 |    20 |    41 |    28 ||   107
       Ration            |       |       |     1 |     1 |     1 |     8 ||    11
Armor: Robe              |    22 |     3 |       |       |       |       ||    25
       Chain mail        |       |    96 |   170 |    41 |       |       ||   307
       Plate armour      |       |       |       |   322 |   957 |  1620 ||  2899
       Skin              |       |       |       |    29 |    52 |       ||    81
Dodge: Dodged            |    47 |    39 |    75 |   156 |   416 |   728 ||  1461
